 Dungeon Crawl Stone Soup version 0.20.1-1-g8b1a95d (console) character file.

108 bli the Ruffian (level 4, -3/36 HPs)
             Began as a Draconian Transmuter on July 16, 2017.
             Was an Initiate of Qazlal.
             Slain by a gnoll
             ... wielding a +0 spear
              (7 damage)
             ... on level 3 of the Dungeon.
             The game lasted 00:07:49 (2414 turns).

bli the Ruffian (Draconian Transmuter)              Turns: 2414, Time: 00:07:50

Health: -3/36      AC:  9    Str: 13    XL:     4   Next: 58%
Magic:  7/7        EV: 12    Int: 13    God:    Qazlal [......]
Gold:   147        SH:  0    Dex: 12    Spells: 6/7 levels left

rFire    . . .     SeeInvis .     - Unarmed
rCold    . . .     Gourm    .   (no shield)
rNeg     . . .     Faith    .   (armour unavailable)
rPois    .         Spirit   .   (helmet restricted)
rElec    .         Reflect  .   o - scarf {cloud immunity}
rCorr    .         Harm     .   l - +1 pair of gloves
MR       .....                  (no boots)
Stlth    +.........             (no amulet)
Regen    0.2/turn               j - +2 ring of protection
MPRegen  0.1/turn               (no ring)

@: no status effects
A: unfitting armour, cold-blooded, AC +5
a: Renounce Religion


You were on level 3 of the Dungeon.
You worshipped Qazlal.
Qazlal was noncommittal.
You were not hungry.

You visited 1 branch of the dungeon, and saw 3 of its levels.

You collected 147 gold pieces.

Inventory:

Missiles
 a - 57 arrows
Armour
 l - a +1 pair of gloves (worn)
 o - a scarf of cloud immunity (worn)
Jewellery
 j - a +2 ring of protection (left hand)
Scrolls
 d - 4 scrolls of magic mapping {unknown}
 e - 3 scrolls of fog {unknown}
 g - a scroll of amnesia {unknown}
 i - 2 scrolls of recharging {unknown}
 n - 4 scrolls of teleportation {unknown}
 p - a scroll of identify {unknown}
Potions
 f - a potion of haste {unknown}
 k - 2 potions of curing {unknown}
 m - a potion of flight {unknown}
Books
 b - a book of Changes

   Spells                             Type                      Level
   a - Beastly Appendage              Transmutation                1
   b - Sticks to Snakes               Transmutation                2
   c - Spider Form                    Transmutation/Poison         3
   d - Ice Form                       Ice/Transmutation            4
   e - Blade Hands                    Transmutation                5
Comestibles
 c - a bread ration
 h - a meat ration
 q - 2 chunks of flesh


   Skills:
 * Level 2.2 Fighting
 * Level 2.3 Dodging
 * Level 4.6 Unarmed Combat
 + Level 2.0 Spellcasting
 + Level 2.0 Transmutations


You had 6 spell levels left.
You knew the following spells:

 Your Spells              Type           Power        Failure   Level  Hunger
a - Beastly Appendage     Tmut           #.....       11%         1    ##.....


Dungeon Overview and Level Annotations

Branches:
Dungeon (3/15)

Altars:
Qazlal
Trog
Zin
The Shining One


Innate Abilities, Weirdness & Mutations

Your plain brown scales are hard. (AC +5)
You cannot fit into any form of body armour.
You are cold-blooded and may be slowed by cold attacks.


Message History

You closely miss the gnoll.
The gnoll is lightly wounded.
The gnoll hits you with a spear. The goblin hits you but does no damage.
The goblin misses you.
The hobgoblin hits you but does no damage.
You closely miss the gnoll.
The gnoll is lightly wounded.
The gnoll hits you with a spear. The goblin hits you.
* * * LOW HITPOINT WARNING * * *
The goblin hits you.
* * * LOW HITPOINT WARNING * * *
You punch the gnoll!
The gnoll is severely wounded.
Your horns disappear.
The hobgoblin hits you with a club.
* * * LOW HITPOINT WARNING * * *
The gnoll misses you. The goblin barely misses you. The goblin hits you.
* * * LOW HITPOINT WARNING * * *
The hobgoblin closely misses you.
The gnoll hits you from afar with a spear!
You die...

......##..............(........##
......#..#.........##..###.....##
........##.........##(####.....##
....................(((((......##
........................(........
.÷...............(.(((...........
.≈≈≈..≈.≈...≈≈.(.))≈≈≈≈≈≈≈≈≈≈≈≈≈.
≈≈≈≈≈≈≈≈≈≈≈≈≈≈....))≈≈≈≈≈≈≈≈≈≈≈≈≈
≈≈≈≈≈≈≈≈≈≈≈≈≈≈≈....≈≈≈≈≈≈≈≈≈≈≈≈≈≈
≈≈≈≈≈≈≈≈≈≈≈≈≈≈.....≈≈≈≈≈≈≈≈≈≈≈≈≈≈
################@g###############
#.)g.# #gg..# #....# .?...)#
+......+ #......# ##....## #....#


You could see a gnoll, a hobgoblin and 2 goblins.

Vanquished Creatures
  A gnoll (D:1)
  2 adders
  A dart slug (D:2)
  4 leopard geckos
  11 bats
  3 giant cockroaches
  8 goblins
  11 hobgoblins
  4 jackals (D:2)
  11 kobolds
  3 quokkas
  3 ball pythons
  A frilled lizard (D:3)
  8 rats
71 creatures vanquished.

Notes
Turn   | Place    | Note
-------+----------+-------------------------------------------
     0 | D:1      | bli the Draconian Transmuter began the quest for the Orb.
     0 | D:1      | Reached XP level 1. HP: 16/16 MP: 3/3
   156 | D:1      | Reached XP level 2. HP: 23/23 MP: 5/5
   679 | D:1      | Reached XP level 3. HP: 29/29 MP: 6/6
   814 | D:2      | Reached skill level 4 in Unarmed Combat
  1209 | D:2      | Reached XP level 4. HP: 32/36 MP: 7/7
  1424 | D:2      | Found a glowing golden altar of the Shining One.
  1745 | D:3      | Found a stormy altar of Qazlal.
  1751 | D:3      | Became a worshipper of Qazlal Stormbringer
  2259 | D:3      | Found a glowing silver altar of Zin.
  2290 | D:3      | Found a bloodstained altar of Trog.
  2414 | D:3      | Slain by a gnoll

Skill      XL: |  1  2  3 |
---------------+----------+-----
Dodging        | 2 |  2.3
Unarmed Combat | 4 |  4.6
Fighting       | 2 |  2.2
Spellcasting   | |  2.0
Transmutations | |  2.0

Action                   |  1- 3 |  4- 6 || total
-------------------------+-------+-------++-------
Melee: Unarmed           |   123 |    79 ||   202
       Tailslap          |     9 |     6 ||    15
       Headbutt          |     4 |     1 ||     5
       Kick              |     3 |     1 ||     4
       Punch             |     1 |     1 ||     2
 Cast: Beastly Appendage |    14 |     8 ||    22
 Stab: Sleeping          |       |     1 ||     1
  Eat: Chunk             |     1 |     4 ||     5
Armor: Skin              |    43 |    39 ||    82
Dodge: Dodged            |   100 |    88 ||   188
